[Event "Early-Titled-Tuesday-Blitz-October-17-2023"]
[Site "Chess.com"]
[Date "2023.10.17"]
[Round "2"]
[White "bascheyaro"]
[Black "GMMatamoros"]
[Result "1-0"]
[WhiteElo "2837"]
[BlackElo "2572"]
[TimeControl "180+1"]
[EndTime "8:19:24 PDT"]
[Termination "bascheyaro won by resignation"]

1. d4 Nf6 2. c4 c5 3. d5 b5 4. Nf3 Bb7 5. Nc3 b4 6. Na4 d6 7. b3 g6 8. Bb2 Bg7 9. e3 O-O 10. Bd3 e5 11. dxe6 fxe6 12. O-O Qe7 13. a3 Nc6 14. h3 e5 15. Be2 e4 16. Ne1 bxa3 17. Rxa3 Nb4 18. Nc2 a5 19. Nb6 Ra6 20.
Nxb4 cxb4 21. Bxf6 Qxf6 22. Nd5 Qg5 23. Ra4 Raa8 24.
Nc7 Rad8 25. Ne6 Qe5 26. Nxf8 Rxf8 27. Qd4 Qxd4 28. exd4 Bxd4 29. Rxa5 Bc5 30. Bg4 Kg7 31.
Be6 Kf6 32. Bd5 Bxd5 33. cxd5 Ke5 34. Ra2 Kxd5 35. Rd1+ Ke5 36. Kf1 d5 37. Rc2 Bb6 38. Ra1 d4 39. Rc6 Bd8 40. Rc5+ Kd6 41. Rc4 Bb6 42. Ra6 Rb8 43. Rxb4 Kc5 44. Rc4+ Kb5 45. Raa4 Rd8 46. Rab4+ Ka5 47. Ke1 d3 48. Rxb6 Kxb6 49. Rxe4 d2+ 50. Kd1 Rd3 51. Re3 Rd4 52. Re7 Kc5 53.
Rxh7 Kb4 54. Rc7 Kxb3 55. Rc2 Rd3 56. Rxd2 Rc3 57. h4 Rc1+ 58. Kxc1 1-0

[Event "Early-Titled-Tuesday-Blitz-October-17-2023"]
[Site "Chess.com"]
[Date "2023.10.17"]
[Round "2"]
[White "NovoselovRoman"]
[Black "Chessbard1972"]
[Result "0-1"]
[WhiteElo "2578"]
[BlackElo "2366"]
[TimeControl "180+1"]
[EndTime "8:19:24 PDT"]
[Termination "Chessbard1972 won by resignation"]

1. d4 Nf6 2. Bf4 d5 3. c3 c5 4. Nf3 Nc6 5. e3 Qb6 6. Qb3 c4 7. Qxb6 axb6 8. Nbd2 b5 9. Ne5 Bf5 10. Nxc6 bxc6 11. Be2 e6 12. f3 b4 13. g4 Bg6 14.
Kf2 c5 15. h4 h5 16. g5 Nd7 17. e4 cxd4 18. cxd4 Be7 19. Rhe1 c3 20. bxc3 bxc3 21. Nb3 O-O 22. exd5 Bb4 23. dxe6 fxe6 24. Be3 c2 25. Bd2 Ba3 26. Bc4 Kh8 27. Bxe6 Nb6 28. Bc3 Rad8 29.
Nc5 c1=Q 30. Raxc1 Bxc1 31. Rxc1 Nd5 32. Bxd5 Rxd5 33.
Re1 Rdf5 34. Re3 Bf7 35. a4 Bd5 36. Ke2 Rxf3 37. Rxf3 Rxf3 38. Bd2 Ra3 39. a5 g6 40. Nd3 Bc4 41. Ke3 Bxd3 0-1

[Event "Early-Titled-Tuesday-Blitz-October-17-2023"]
[Site "Chess.com"]
[Date "2023.10.17"]
[Round "2"]
[White "McCarthyStone"]
[Black "DeTimmerman"]
[Result "0-1"]
[WhiteElo "2374"]
[BlackElo "2704"]
[TimeControl "180+1"]
[EndTime "8:19:25 PDT"]
[Termination "DeTimmerman won on time"]

1. e4 e5 2. Nf3 Nc6 3. Nc3 Nf6 4. g3 d5 5. exd5 Nxd5 6. Bg2 Nxc3 7. bxc3 Bd6 8. O-O O-O 9. Rb1 Rb8 10. Re1 Re8 11. d4 e4 12. Ng5 f5 13. Qh5 h6 14. Nf7 Qe7 15. Nxh6+ gxh6 16. Bxh6 Qf7 17. Qg5+ Kh7 18.
Qh4 Be7 19. Bg5+ Kg8 20. f3 Bxg5 21. Qxg5+ Qg7 22. Qh5 Bd7 23. fxe4 fxe4 24. Bxe4 Re7 25. Bd5+ Rf7 26. Rf1 Rf8 27. Rxf7 Rxf7 28. Rf1 Nd8 29. Rxf7 Nxf7 30. Qe2 Kf8 31. Bc4 Qf6 32. Kg2 Bc6+ 33.
d5 Bd7 34. Qe3 b6 35. h4 Ne5 36. Be2 Bf5 37. c4 Bxc2 38. c5 Qf5 39. d6 Be4+ 40.
Kg1 cxd6 41. cxd6 Bc6 42. h5 Qb1+ 43. Bf1 Nf3+ 0-1

[Event "Early-Titled-Tuesday-Blitz-October-17-2023"]
[Site "Chess.com"]
[Date "2023.10.17"]
[Round "2"]
[White "noblerone"]
[Black "Niilo1"]
[Result "1-0"]
[WhiteElo "2518"]
[BlackElo "2300"]
[TimeControl "180+1"]
[EndTime "8:19:26 PDT"]
[Termination "noblerone won on time"]

1. d4 Nf6 2. Nf3 e6 3. Bg5 Be7 4. e3 O-O 5. Bd3 h6 6. Bh4 b6 7. O-O Bb7 8. Nbd2 c5 9. c3 Nc6 10. Rc1 d5 11. Ne5 Nd7 12. Bxe7 Qxe7 13. f4 Ncxe5 14.
fxe5 f6 15. exf6 Rxf6 16. Rxf6 Qxf6 17. Qg4 Re8 18. Rf1 Qg5 19. Qxg5 hxg5 20. Bb5 Re7 21. Bxd7 Rxd7 22. Nf3 Ba6 23. Rf2 cxd4 24. exd4 Re7 25. Ne5 b5 26. a3 Bc8 27. h3 a5 28. Rc2 Rc7 29. Rd2 Bd7 30. Kh2 Be8 31. Kg3 Bh5 32.
Rf2 Rb7 33. Kh2 b4 34. cxb4 axb4 35. a4 b3 36. Rd2 Be8 37. a5 Ra7 38. Rd3 Ba4 39. Rc3 Rxa5 40. Rc8+ Kh7 41. Rc7 Be8 42. Re7 1-0

[Event "Early-Titled-Tuesday-Blitz-October-17-2023"]
[Site "Chess.com"]
[Date "2023.10.17"]
[Round "2"]
[White "Emp3rador"]
[Black "carokannlover213"]
[Result "0-1"]
[WhiteElo "2542"]
[BlackElo "2732"]
[TimeControl "180+1"]
[EndTime "8:19:28 PDT"]
[Termination "carokannlover213 won by checkmate"]

1. e4 c5 2. Nf3 d6 3. Bb5+ Nc6 4. d4 cxd4 5. Qxd4 Bd7 6. Bxc6 Bxc6 7. Nc3 Nf6 8. Bg5 e6 9. O-O-O Be7 10. Bxf6 Bxf6 11.
Qe3 Qa5 12. Nd4 O-O 13. h4 Bd7 14. g4 b5 15. Kb1 b4 16. Nce2 Qb6 17. g5 Be7 18.
Rd2 a5 19. Nf5 Qd8 20. Nxe7+ Qxe7 21. Rhd1 e5 22. Rxd6 Be6 23. f4 exf4 24. Nxf4 Bg4 25. R1d2 a4 26. e5 Qb7 27. Nd5 b3 28. a3 bxc2+ 29.
Kc1 Qb5 30. Rf2 Kh8 31. h5 Qc4 32. h6 Qa2 33. Kxc2 Rac8+ 34. Nc3 Qb3+ 35. Kb1 Bh5 36. hxg7+ Kxg7 37. Qf4 Bg6+ 38. Ka1 Rxc3 39. Qf6+ Kg8 40. bxc3 Qxa3+ 41. Ra2 Qxc3+ 42. Rb2 Qa3+ 43. Ra2 Qc1# 0-1

[Event "Early-Titled-Tuesday-Blitz-October-17-2023"]
[Site "Chess.com"]
[Date "2023.10.17"]
[Round "2"]
[White "Hasangatin_Ramil"]
[Black "m_ezat"]
[Result "1-0"]
[WhiteElo "2724"]
[BlackElo "2535"]
[TimeControl "180+1"]
[EndTime "8:19:29 PDT"]
[Termination "Hasangatin_Ramil won by resignation"]

1. e4 e5 2. Nf3 Nc6 3. Bb5 Nge7 4. Nc3 d6 5. d4 exd4 6. Nxd4 Bd7 7. Be3 g6 8. Qd2 Bg7 9. O-O O-O 10. Nxc6 Bxc6 11. Bxc6 Nxc6 12. Bh6 Re8 13. Bxg7 Kxg7 14. Rae1 f6 15.
Nd5 Ne7 16. Nf4 Qd7 17. Qb4 Nc6 18. Qb3 Re5 19. Re3 Rae8 20. Rfe1 b6 21. Nd3 R5e7 22.
Qc3 Ne5 23. Nf4 c6 24. h3 Nf7 25. b4 Ng5 26. f3 Qc7 27. h4 Nf7 28. a4 d5 29. exd5 Rxe3 30. Rxe3 Rxe3 31. Qxe3 cxd5 32. c3 Qd7 33. Qd4 Qxa4 34. Nxd5 Qc6 35. c4 Qd6 36. c5 bxc5 37. bxc5 Qe5 38. Qd2 Nd8 39. Kh1 Nc6 40.
Nf4 Qa1+ 41. Kh2 Qe5 42. g3 Nd4 43. Qxd4 Qxd4 44. Ne6+ Kf7 45. Nxd4 Ke7 46. Nc6+ Kd7 47. Nxa7 1-0

[Event "Early-Titled-Tuesday-Blitz-October-17-2023"]
[Site "Chess.com"]
[Date "2023.10.17"]
[Round "2"]
[White "Rutricks"]
[Black "venturov"]
[Result "1-0"]
[WhiteElo "2661"]
[BlackElo "2433"]
[TimeControl "180+1"]
[EndTime "8:19:33 PDT"]
[Termination "Rutricks won by checkmate"]

1. b3 Nf6 2. Bb2 e6 3. Nf3 c5 4. g3 b6 5. Bg2 Bb7 6. O-O Be7 7. c4 O-O 8. Nc3 d6 9. Rc1 a6 10. d4 cxd4 11. Qxd4 Nbd7 12. Rfd1 Qc7 13. h4 Rfd8 14. Qe3 Rac8 15. Na4 Bc6 16. Nc3 Qb8 17. a4 d5 18.
Nd4 Bc5 19. cxd5 Bxd5 20. Nxd5 Nxd5 21. Bxd5 exd5 22. Qf3 Ne5 23. Qf5 Ng6 24. h5 Ne7 25.
Qg4 h6 26. b4 Bxd4 27. Qxd4 f6 28. Qe3 Kf7 29. Bd4 Rxc1 30. Rxc1 Rc8 31. Rxc8 Qxc8 32. Bxb6 Qc2 33. Bc5 Nf5 34. Qf3 Ke6 35. g4 Nd6 36. Qe3+ Kd7 37. Bxd6 Kxd6 38. Qb6+ Ke5 39. Qxa6 Qb1+ 40.
Kg2 Qxb4 41. f3 Qb2 42. Qd3 Qa2 43. Qc3+ Kd6 44. Qb4+ Ke5 45. Kf2 d4 46. Qc5+ Ke6 47. Qxd4 f5 48. Qxg7 fxg4 49. Qg6+ Ke7 50. Qg7+ Ke8 51.
Qxg4 Qb2 52. Qg6+ Ke7 53. Qxh6 Qd4+ 54. Qe3+ Qxe3+ 55. Kxe3 Kf6 56. a5 Kg5 57. a6 Kxh5 58. a7 Kh4 59. a8=Q Kg3 60. Qg8+ Kh2 61. Kf2 Kh1 62. Qg1# 1-0

[Event "Early-Titled-Tuesday-Blitz-October-17-2023"]
[Site "Chess.com"]
[Date "2023.10.17"]
[Round "2"]
[White "HalfIsCrayfish"]
[Black "crosky"]
[Result "1-0"]
[WhiteElo "2575"]
[BlackElo "2346"]
[TimeControl "180+1"]
[EndTime "8:19:33 PDT"]
[Termination "HalfIsCrayfish won on time"]

1. d4 Nf6 2. c4 e6 3. Nf3 d5 4.
Nc3 Bb4 5. Bg5 h6 6. Bxf6 Qxf6 7.
cxd5 exd5 8. e3 O-O 9. Qb3 Bxc3+ 10. bxc3 c5 11. Qxd5 cxd4 12. cxd4 Nc6 13. Be2 Be6 14.
Qb5 Qe7 15. O-O a6 16. Qb2 Bd5 17. Rac1 f5 18. Rc5 Rad8 19. Rxd5 Rxd5 20. Bc4 Rd8 21.
Qb3 Na5 22. Bxd5+ Kh8 23. Qc3 Rxd5 24. Ne5 Kh7 25. Rc1 Rb5 26. h3 Qb4 27. Qd3 Nc6 28.
Qxf5+ Kg8 29. Qe6+ Kh7 30. Qg6+ Kg8 31. Qe8+ Kh7 32.
Nxc6 Qb2 33. Rf1 bxc6 34. Qxc6 Qxa2 35. Qe4+ Kg8 36. Rd1 Rb2 37. Qf3 a5 38. d5 Qa4 39.
d6 Qd7 40. Qd5+ Kh7 41. Qe5 Rb7 42. Qe4+ Kg8 43. Qxb7 Qxb7 44. d7 1-0

[Event "Early-Titled-Tuesday-Blitz-October-17-2023"]
[Site "Chess.com"]
[Date "2023.10.17"]
[Round "2"]
[White "salomez"]
[Black "Lady_Nika"]
[Result "1-0"]
[WhiteElo "2327"]
[BlackElo "2505"]
[TimeControl "180+1"]
[EndTime "8:19:33 PDT"]
[Termination "salomez won by resignation"]

1. e4 c5 2. Nf3 e6 3. g3 a6 4. Bg2 Nc6 5. O-O Nf6 6. Re1 Be7 7. c3 d5 8. e5 Nd7 9. d4 b5 10. Nbd2 Bb7 11. Nf1 Qb6 12. h4 h6 13. a3 cxd4 14. cxd4 Na5 15. N1h2 O-O-O 16. b3 Kb8 17. Bd2 Rc8 18.
Re2 Rc7 19. Re3 Rhc8 20. Qe1 Nc6 21. Rd3 a5 22. Ng4 b4 23. a4 Ba6 24. Re3 Nxd4 25. Nxd4 Qxd4 26. Nh2 Rc2 27. Nf3 Qc5 28. h5 d4 29. Re4 d3 30. Rg4 g5 31. hxg6 h5 32. Rf4 fxg6 33. Rf7 Rf8 34. Rg7 Bb7 35. Be3 Qc7 36.
Nd4 Bxg2 37. Kxg2 Nxe5 38. Nxc2 Qb7+ 39. Kh3 dxc2 40. Rc1 Bf6 41. Rxb7+ Kxb7 42. Bf4 Ng4 43. Qe4+ Ka7 44. Rxc2 Bc3 45. Be3+ Nxe3 46. Qxe3+ Kb8 47. Qxe6 Rf6 48. Qe8+ Kb7 49. Qb5+ Rb6 50. Qd7+ Ka6 51. Qc8+ Ka7 52. Rxc3 bxc3 53. Qxc3 g5 54. Qxa5+ Kb7 55.
Qxb6+ Kxb6 56. b4 1-0

[Event "Early-Titled-Tuesday-Blitz-October-17-2023"]
[Site "Chess.com"]
[Date "2023.10.17"]
[Round "2"]
[White "AradNazari"]
[Black "ChessRespected"]
[Result "1/2-1/2"]
[WhiteElo "2855"]
[BlackElo "2596"]
[TimeControl "180+1"]
[EndTime "8:19:34 PDT"]
[Termination "Game drawn - insufficient material"]

1. e4 e5 2. f4 Bc5 3. Nf3 d6 4. c3 Bb6 5. Na3 Nf6 6. Qc2 O-O 7. Nc4 exf4 8. Nxb6 axb6 9. Be2 Re8 10. d3 d5 11. e5 Ng4 12. Bxf4 f6 13. d4 fxe5 14. Nxe5 Nc6 15. Bxg4 Bxg4 16. O-O Bh5 17. Qf5 Nxe5 18.
Qxh5 Ng6 19. Bg3 Qd7 20. Rf5 c6 21. h3 Rf8 22. Rxf8+ Rxf8 23. Qe2 b5 24. a4 bxa4 25.
Rxa4 Qf5 26. Ra1 h5 27. Bd6 Rf6 28. Ra8+ Kh7 29. Be5 Re6 30. Ra1 Nxe5 31. dxe5 Qxe5 32. Qxe5 Rxe5 33. Ra7 Re7 34. b4 Kg6 35. b5 cxb5 36. Ra5 Rf7 37. Rxb5 Rd7 38. Kf2 Kf6 39. Ke3 Ke6 40. Kd4 Rc7 41. Rb6+ Rc6 42. Rxb7 Rc4+ 43. Kd3 g5 44. Rh7 h4 45. Rh6+ Kf5 46. Rd6 Ke5 47.
Rd8 g4 48. Rg8 gxh3 49. gxh3 Rf4 50. Ke3 Rc4 51. Rg5+ Kf6 52. Rxd5 Rxc3+ 53. Rd3 Rxd3+ 54. Kxd3 Ke5 55. Ke3 Kf5 56. Kf3 Kg5 57. Ke4 Kf6 58.
Kf4 Kg7 59. Kg4 Kh8 60. Kxh4 Kg8 61. Kg4 Kh8 62. h4 Kg8 63. h5 Kh8 64. h6 Kg8 65.
h7+ Kh8 66. Kg5 Kxh7 1/2-1/2

[Event "Early-Titled-Tuesday-Blitz-October-17-2023"]
[Site "Chess.com"]
[Date "2023.10.17"]
[Round "2"]
[White "DTChess"]
[Black "Me_ch_an"]
[Result "0-1"]
[WhiteElo "2607"]
[BlackElo "2362"]
[TimeControl "180+1"]
[EndTime "8:19:34 PDT"]
[Termination "Me_ch_an won by resignation"]

1. e4 c5 2. Nf3 Nc6 3. Nc3 a6 4.
d4 cxd4 5. Nxd4 Qb6 6. Nb3 Nf6 7.
Be3 Qc7 8. Bd3 e6 9. a3 b5 10. Qe2 d6 11. O-O Be7 12. f4 Bb7 13. Kh1 O-O 14.
f5 e5 15. Bg5 b4 16. axb4 Nxb4 17. Rf3 h6 18. Bxf6 Bxf6 19. Rg3 d5 20. Qh5 Kh8 21. Na5 d4 22. Ne2 Nxc2 23. Bxc2 Qxc2 24. Nxb7 Qxb2 25. Rga3 Qxb7 26. Ng3 Rac8 27. h4 Rc6 28. Qg4 Rd8 29. Nh5 d3 30. Rd1 d2 31. Rg3 Rc1 32.
Nxf6 Rxd1+ 33. Qxd1 gxf6 34. Kh2 Qxe4 35. Qh5 Qf4 36.
Qxf7 Qxh4+ 37. Rh3 Qf4+ 38. Rg3 Qxg3+ 39. Kxg3 Rg8+ 40.
Kh2 d1=Q 41. Qxf6+ Kh7 42. Qf7+ Rg7 43. Qe6 Qh5+ 44.
Kg1 Qg4 45. Qd5 e4 46. Qd2 e3 47. Qc2 Qxg2+ 48. Qxg2 Rxg2+ 49. Kxg2 a5 50. Kf3 Kg7 51. Kxe3 Kf6 0-1

[Event "Early-Titled-Tuesday-Blitz-October-17-2023"]
[Site "Chess.com"]
[Date "2023.10.17"]
[Round "2"]
[White "Ranindu2003"]
[Black "Defenstrator"]
[Result "0-1"]
[WhiteElo "2772"]
[BlackElo "2412"]
[TimeControl "180+1"]
[EndTime "8:19:34 PDT"]
[Termination "Defenstrator won by resignation"]

1. e4 d6 2. d4 f5 3. Nc3 Nf6 4.
exf5 Bxf5 5. Nf3 Nc6 6. Bc4 Bg4 7.
Be3 e5 8. Be2 e4 9. Ng5 Bxe2 10.
Qxe2 d5 11. O-O-O Qd7 12. f3 exf3 13. Nxf3 O-O-O 14. Bg5 Bb4 15. Na4 Rde8 16. Qf1 Ne4 17. Bh4 Rhf8 18. Qd3 Nxd4 19. Qxd4 Qxa4 20. a3 c5 21. Qxd5 Nc3 22. bxc3 Qxa3+ 23. Kb1 Bxc3 24. Qa2 Qb4+ 25. Qb3 Qa5 26. Qa2 Qb4+ 27. Kc1 Qf4+ 28. Nd2 Qxh4 29. Nc4 Re6 30. Qb3 Bb4 31. Nd6+ Rxd6 32.
Rdf1 Qg5+ 33. Kb1 Rxf1+ 34. Rxf1 Rd8 35. Rf7 Qd5 36. Qg3 Qd1+ 37. Kb2 Qd4+ 38. Kb1 Qd1+ 39.
Kb2 Qd6 40. Qg4+ Kb8 41. Qf3 Qb6 42. Qf4+ Ka8 43. Rf8 Bd2+ 44. Ka2 Bxf4 0-1

[Event "Early-Titled-Tuesday-Blitz-October-17-2023"]
[Site "Chess.com"]
[Date "2023.10.17"]
[Round "2"]
[White "Kleyton_Lima"]
[Black "WiktoriaPOL"]
[Result "0-1"]
[WhiteElo "2490"]
[BlackElo "2291"]
[TimeControl "180+1"]
[EndTime "8:19:35 PDT"]
[Termination "WiktoriaPOL won by resignation"]

1. d4 Nf6 2. c4 g6 3. Nc3 Bg7 4. e4 d6 5. Nf3 O-O 6. Bd3 e5 7.
d5 a5 8. O-O Na6 9. a3 Ne8 10.
b4 f5 11. exf5 gxf5 12. Bg5 Nf6 13. Bc2 Bd7 14. Rb1 Qe8 15. bxa5 Nc5 16. Nb5 Rc8 17. Be3 Na6 18. Na7 Rb8 19. Re1 f4 20. Bd2 Bg4 21.
Bc3 Qh5 22. Ba1 Nc5 23. Nb5 Rf7 24. Nc3 Bf8 25. Ne4 Nfxe4 26. Bxe4 Nxe4 27. Rxe4 Bf5 28. Re1 Bxb1 29. Qxb1 Rg7 30. Kh1 Qg4 31. Rg1 Qg6 32.
a6 Qxb1 33. Rxb1 b6 34. c5 dxc5 35. Nxe5 Rg5 36. Nc6 Ra8 37. a7 Rxd5 38. Be5 Bd6 39. Bxd6 Rxd6 40. Ne7+ Kf7 41. Nf5 Rf6 42. Nh4 Rxa7 43.
Rb3 Rd6 44. g3 fxg3 45. hxg3 c4 46. Rc3 b5 47. Nf3 Kf6 48. g4 Rd3 49. g5+ Kg7 50.
Rxd3 cxd3 51. Nd2 Rxa3 0-1

[Event "Early-Titled-Tuesday-Blitz-October-17-2023"]
[Site "Chess.com"]
[Date "2023.10.17"]
[Round "2"]
[White "AvitalBor"]
[Black "averageFM"]
[Result "1-0"]
[WhiteElo "2823"]
[BlackElo "2568"]
[TimeControl "180+1"]
[EndTime "8:19:36 PDT"]
[Termination "AvitalBor won by resignation"]

1. Nf3 Nf6 2. c4 e6 3. Nc3 d5 4. d4 dxc4 5. e3 a6 6. a4 c5 7. Bxc4 Nc6 8. O-O Be7 9. d5 exd5 10. Nxd5 Nxd5 11. Bxd5 O-O 12. e4 Nb4 13. Bb3 Be6 14.
Bxe6 fxe6 15. Qb3 Qb6 16. Ne5 Rad8 17. Be3 Bf6 18. Rac1 Nd5 19. Qxb6 Nxb6 20. Bxc5 Bxe5 21. Bxb6 Bxb2 22. Rc2 Bd4 23. Bxd8 Rxd8 24. g3 b5 25. axb5 axb5 26. Rb1 Rb8 27. Rbc1 Rf8 28. Rb1 Rb8 29. Kg2 e5 30. Rbc1 Rb6 31. Rc8+ Kf7 32. R1c6 Rxc6 33.
Rxc6 b4 34. Rc7+ Kf6 35. Rb7 Bc3 36. f4 Ke6 37. Kf3 Kd6 38. Ke2 Kc6 39. Rf7 b3 40.
Kd3 b2 41. Kc2 exf4 42. gxf4 Bd4 43. e5 Kd5 44. Rxg7 Ke4 45. Rf7 Kd5 46. Rxh7 Ke4 47. Rf7 Kd5 48. h4 Ke6 49. Rf6+ Ke7 50. h5 1-0

[Event "Early-Titled-Tuesday-Blitz-October-17-2023"]
[Site "Chess.com"]
[Date "2023.10.17"]
[Round "2"]
[White "Sokoloco"]
[Black "atalz0"]
[Result "1-0"]
[WhiteElo "2694"]
[BlackElo "2513"]
[TimeControl "180+1"]
[EndTime "8:19:36 PDT"]
[Termination "Sokoloco won on time"]

1. b3 e5 2. Bb2 Nc6 3. e3 Nf6 4. Nf3 e4 5. Nd4 Nxd4 6. Bxd4 d5 7. c4 Be6 8. Nc3 c6 9. Bxf6 gxf6 10. cxd5 Bxd5 11.
Nxd5 Qxd5 12. Bc4 Qe5 13. O-O Bd6 14. g3 h5 15. f4 Qf5 16. Kh1 O-O-O 17. Bxf7 Rd7 18.
Bc4 Rg7 19. Be2 Qh3 20. Rg1 Rhg8 21. Qe1 f5 22. Qf2 h4 23. gxh4 Be7 24. Rxg7 Rxg7 25. Rg1 Bxh4 26. Qf1 Qxf1 27. Bxf1 Rd7 28. Bh3 Rxd2 29.
Bxf5+ Kc7 30. Bxe4 Rxa2 31. Rf1 Rf2 32. Kg1 Re2 33.
f5 Bf6 34. Rf3 Kd6 35. h4 Ke5 36. Bd3 Rd2 37. e4 Bxh4 38. Kf1 Bf6 39. Kg1 Rb2 40. Bc4 b5 41. Be6 Re2 42. Rc3 Kf4 43. Rxc6 Bd4+ 44.
Kf1 Rxe4 45. Ra6 1-0

[Event "Early-Titled-Tuesday-Blitz-October-17-2023"]
[Site "Chess.com"]
[Date "2023.10.17"]
[Round "2"]
[White "Kostukov_Alex"]
[Black "djokovic74"]
[Result "0-1"]
[WhiteElo "2386"]
[BlackElo "2732"]
[TimeControl "180+1"]
[EndTime "8:19:36 PDT"]
[Termination "djokovic74 won on time"]

1. g3 d5 2. Bg2 Nf6 3. d3 e6 4. e4 dxe4 5. dxe4 Qxd1+ 6. Kxd1 Bc5 7. f3 O-O 8. Nd2 Nc6 9. c3 e5 10. a4 a5 11. Kc2 Be6 12. Bh3 Bxh3 13. Nxh3 Rad8 14. Nc4 Rfe8 15. Be3 Bxe3 16. Nxe3 Rd7 17. Rhd1 Red8 18. Rxd7 Rxd7 19. Nf2 g6 20. Nc4 b6 21.
Nd3 Re7 22. b4 axb4 23. Nxb4 Nb8 24. a5 c5 25. Nd5 Nxd5 26. exd5 b5 27. d6 Rd7 28. a6 Nxa6 29. Rxa6 bxc4 30. Rc6 f6 31. Rxc5 Rxd6 32. Rxc4 Ra6 33. Kd3 Ra7 34. Rc6 Kf7 35. Ke4 Ra2 36. Rc7+ Ke6 37. Rxh7 Rc2 38. Kd3 Rf2 39. Ke3 Rc2 40. Kd3 Ra2 41. h4 Rf2 42.
Ke3 Rc2 43. Kd3 Rg2 44. g4 f5 45. Rh6 Kf6 46. h5 Kg5 47. Rxg6+ Kf4 48. h6 e4+ 49. fxe4 fxe4+ 50. Kc4 Rd2 0-1

[Event "Early-Titled-Tuesday-Blitz-October-17-2023"]
[Site "Chess.com"]
[Date "2023.10.17"]
[Round "2"]
[White "Polish_fighter3000"]
[Black "Kostya0705"]
[Result "0-1"]
[WhiteElo "3036"]
[BlackElo "2637"]
[TimeControl "180+1"]
[EndTime "8:19:37 PDT"]
[Termination "Kostya0705 won by checkmate"]

1. d4 Nf6 2. c4 e6 3. Nc3 Bb4 4. f3 c5 5. a3 Bxc3+ 6. bxc3 O-O 7. e4 Ne8 8. Bd3 b6 9. Ne2 Nc6 10. h4 Ba6 11. h5 h6 12. g4 Nd6 13. e5 Nxc4 14.
Bb1 f5 15. gxf5 exf5 16. Kf2 cxd4 17. cxd4 d6 18. e6 Qf6 19. Ra2 d5 20. Nf4 Rad8 21. Re2 Rfe8 22. Be3 Nxe3 23. Rxe3 Nxd4 24. e7 Rd7 25. Nxd5 Qg5 26. Qxd4 f4 27. Qxf4 Rxd5 28. Ba2 Qxf4 29. Bxd5+ Kh8 30. Bc6 Rxe7 31. Rxe7 Qd4+ 32.
Kg2 Qd2+ 33. Kh3 Bc8+ 34. Kg3 Qg5+ 35. Kf2 Qxe7 36. Be4 Bb7 37. Bg6 Qc5+ 38. Kg3 Qg5+ 39. Kf2 Qf4 40. Rh3 Kg8 41. Rg3 Kf8 42. Kg2 Qd2+ 43.
Kg1 Ke7 44. Bh7 Kf6 45. Bg8 Bd5 46. Rg6+ Kf5 47. Bh7 Kf4 48. Rxg7 Bxf3 49. Rf7+ Kg3 50. Rg7+ Bg4 51. Rf7 Qg2# 0-1

[Event "Early-Titled-Tuesday-Blitz-October-17-2023"]
[Site "Chess.com"]
[Date "2023.10.17"]
[Round "2"]
[White "baki83"]
[Black "Karttunen"]
[Result "1-0"]
[WhiteElo "2818"]
[BlackElo "2567"]
[TimeControl "180+1"]
[EndTime "8:19:38 PDT"]
[Termination "baki83 won by resignation"]

1. e4 c5 2. Nf3 d6 3. Bb5+ Bd7 4.
c4 e5 5. Nc3 Ne7 6. h4 a6 7.
Bxd7+ Nxd7 8. d3 h6 9. a3 Nf6 10. b4 b6 11. Rb1 cxb4 12. axb4 Qd7 13. Be3 Nc8 14. d4 exd4 15. Bxd4 Be7 16. O-O O-O 17. Bxf6 Bxf6 18. e5 Bd8 19. Qd5 Ra7 20. Rfd1 Ne7 21.
Qxd6 Qc8 22. Qd3 Rc7 23. Ne4 Nf5 24. Nd6 Nxd6 25. exd6 Rxc4 26. g3 b5 27. Ne5 Rc3 28.
Qd5 Qf5 29. Kg2 Bf6 30. Nf3 Qd7 31. Ne5 Qf5 32. Nf3 Qd7 33. Rd2 Rfc8 34. Re1 Rd8 35.
Ne5 Qf5 36. Nf3 Qd7 37. Re4 Kh7 38. Rf4 Qe6 39. Qxe6 fxe6 40. Re4 e5 41. Nxe5 Kg8 42. Ng6 Kf7 43. h5 Rc6 44. d7 Rc7 45. Rf4 Rcxd7 46. Rxd7+ Ke6 47. Rxd8 Bxd8 48. Rf8 1-0

[Event "Early-Titled-Tuesday-Blitz-October-17-2023"]
[Site "Chess.com"]
[Date "2023.10.17"]
[Round "2"]
[White "alsdesdentao"]
[Black "BahadirOzen"]
[Result "1/2-1/2"]
[WhiteElo "2508"]
[BlackElo "2790"]
[TimeControl "180+1"]
[EndTime "8:19:38 PDT"]
[Termination "Game drawn by repetition"]

1. e4 g6 2. b3 Bg7 3. Nc3 c5 4. Bb2 Nc6 5. Nf3 d6 6. Bb5 Bd7 7. O-O a6 8. Be2 Nf6 9. Nd5 e6 10. Nxf6+ Bxf6 11. Bxf6 Qxf6 12. c3 g5 13. d4 g4 14. Nd2 cxd4 15. Bxg4 Ke7 16. Nc4 b5 17.
Nb6 Rag8 18. cxd4 Qxd4 19. Qxd4 Nxd4 20. Rfd1 Rxg4 21. Rxd4 Rb8 22. Nxd7 Kxd7 23. Rad1 Rb6 24. f3 Rg8 25. Rc1 a5 26. e5 d5 27. Rh4 Rg7 28.
Kf2 Rc6 29. Rxc6 Kxc6 30. g3 Kc5 31. Ke3 b4 32. Kd3 Kb5 33. Kd4 Kb6 34. f4 Kc6 35. f5 exf5 36. Rh6+ Rg6 37. Rxh7 Rg4+ 38. Kd3 Re4 39. Rxf7 Rxe5 40. h4 Kc5 41. h5 f4 42.
g4 Re3+ 43. Kd2 Rh3 44. Rxf4 Kd6 45. Rf6+ Ke5 46. Ra6 Ke4 47. h6 Rh2+ 48. Ke1 d4 49.
g5 d3 50. g6 Rh1+ 51. Kd2 Rh2+ 52. Kd1 Rh1+ 53. Kd2 Rh2+ 54. Kd1 Rh1+ 55. Kd2 1/2-1/2

[Event "Early-Titled-Tuesday-Blitz-October-17-2023"]
[Site "Chess.com"]
[Date "2023.10.17"]
[Round "2"]
[White "nitpicker"]
[Black "CarlosjPineror"]
[Result "0-1"]
[WhiteElo "2257"]
[BlackElo "2501"]
[TimeControl "180+1"]
[EndTime "8:19:39 PDT"]
[Termination "CarlosjPineror won on time"]

1. d4 Nf6 2. c4 e6 3. g3 Bb4+ 4. Bd2 Qe7 5. Bg2 O-O 6. Nf3 Bxd2+ 7. Qxd2 d6 8. Nc3 e5 9. O-O c6 10. e4 Bg4 11. Ne1 Na6 12. h3 Be6 13. d5 Bc8 14. Nd3 cxd5 15. exd5 Bf5 16. Rfe1 Rac8 17. b3 Qd7 18.
Kh2 Rfe8 19. Rad1 Nc7 20. a4 Bxd3 21. Qxd3 a5 22. h4 Na6 23. Bh3 Ng4+ 24. Kg2 Nc5 25. Qb1 f5 26. f3 Nh6 27. Nb5 Rf8 28. f4 e4 29. Rxe4 Nxe4 30. Qxe4 fxe4 31. Bxd7 Rcd8 32. Be6+ Kh8 33. Re1 g6 34. Rxe4 Nf5 35. Kh3 Ng7 36.
g4 Rf6 37. f5 gxf5 38. gxf5 Nxf5 39. Rf4 Rdf8 40. Rf3 b6 41. Bxf5 Rxf5 42. Rxf5 Rxf5 43. Nxd6 Rf3+ 44. Kg4 Rxb3 45. Nf5 Rc3 46. Kf4 Kg8 47. Ke5 Rxc4 48. d6 Kf7 49. Kd5 Rc8 50. d7 Rb8 51.
Kd6 Kf6 52. Kc7 Ra8 53. Nd6 Ra7+ 54. Nb7 Ra8 55. d8=Q+ Rxd8 56. Nxd8 b5 57. axb5 a4 58. b6 a3 59. b7 a2 60. b8=Q a1=Q 61. Qb6+ Kf5 62.
Qf2+ Kg4 63. Ne6 Qe5+ 64. Kd7 h5 65. Ke7 Qd5 0-1

[Event "Early-Titled-Tuesday-Blitz-October-17-2023"]
[Site "Chess.com"]
[Date "2023.10.17"]
[Round "2"]
[White "MikaelyanArman"]
[Black "TregubovP"]
[Result "1/2-1/2"]
[WhiteElo "2866"]
[BlackElo "2600"]
[TimeControl "180+1"]
[EndTime "8:19:41 PDT"]
[Termination "Game drawn by repetition"]

1. d4 Nf6 2. Nf3 c5 3. d5 b5 4.
Bg5 Qb6 5. Bxf6 Qxf6 6. c3 g6 7. e4 Qb6 8. Nbd2 Bg7 9. a4 b4 10. Nc4 Qb7 11. Qc2 O-O 12. Bd3 d6 13. h3 Nd7 14. O-O bxc3 15. bxc3 Qc7 16. Ne3 Qa5 17. Rfc1 Ba6 18. Bxa6 Qxa6 19. Rab1 Rab8 20. Nd2 Rxb1 21. Rxb1 Nb6 22. Ra1 Qa5 23. Ra3 Rb8 24. Kh2 Be5+ 25. g3 Bg7 26. Kg2 Qa6 27. a5 Nd7 28. Ndc4 Ne5 29.
Rb3 Rb5 30. Qb1 Rxb3 31. Qxb3 Nxc4 32. Nxc4 h6 33. h4 h5 34. Kf3 Kh7 35. Kg2 Kg8 36.
Kf3 Kh7 37. Ke2 Bf6 38. Kd3 Qc8 39. Qd1 Qb7 40. Kc2 Qb5 41. Qd3 Qa4+ 42. Kd2 Qa2+ 43.
Ke3 Qa1 44. e5 dxe5 45. Kf3 Qh1+ 46. Ke3 Bg7 47. d6 exd6 48. Nxd6 Bh6+ 49. Ke2 Kg7 50.
Ne8+ Kf8 51. Nf6 Kg7 52. Ne8+ Kf8 53. Nf6 Kg7 54. Ne8+ 1/2-1/2

[Event "Early-Titled-Tuesday-Blitz-October-17-2023"]
[Site "Chess.com"]
[Date "2023.10.17"]
[Round "2"]
[White "Tonychess32"]
[Black "RETURNOFTHELAGGER"]
[Result "1-0"]
[WhiteElo "2511"]
[BlackElo "2670"]
[TimeControl "180+1"]
[EndTime "8:19:41 PDT"]
[Termination "Tonychess32 won by resignation"]

1. e4 c5 2. Nf3 d6 3. c3 Nf6 4. Bd3 g6 5. h3 Bg7 6. O-O O-O 7. Re1 Nc6 8. Bc2 b6 9. d4 cxd4 10.
cxd4 Nb4 11. Bb3 Ba6 12. Nc3 Nd3 13. Re3 Nxc1 14. Rxc1 Rc8 15. e5 Ne8 16. e6 f6 17.
Re1 Nc7 18. Nd5 Bb7 19. Nxc7 Rxc7 20. d5 f5 21. Rxc7 Qxc7 22. Qd2 h6 23. Rc1 Qb8 24. Ba4 Rc8 25. Bc6 Qa8 26. Qc2 Rc7 27. b4 a6 28.
a4 b5 29. axb5 axb5 30. Nh4 Kh7 31. g4 Bf6 32. Ng2 fxg4 33. hxg4 Bg5 34. f4 Bf6 35. f5 g5 36. Ne3 Qa3 37. Qd2 Kg7 38. Kg2 Be5 39.
f6+ Bxf6 40. Nf5+ Kh7 41. Rh1 Rxc6 42. Rxh6+ Kg8 43. dxc6 Bxc6+ 44. Kh2 Be5+ 45. Kg1 Kf8 46. Qf2 Qa1+ 47. Qf1 Qb2 48. Nd4+ Bf4 49. Nxc6 Qc3 50.
Nd4 Qxd4+ 51. Kg2 Qe4+ 52. Qf3 Qxe6 53. Rxe6 1-0